 Dungeon Crawl Stone Soup version 0.30.1-5-ged363bc7ee (webtiles) character file.

Game seed: 2336997882709893718

50 Ivernyr the Slasher (level 3, -4/20 HPs)
             Began as a Vine Stalker Monk on Sept 19, 2023.
             Succumbed to a kobold's poison
             ... on level 2 of the Dungeon.
             The game lasted 00:01:55 (1131 turns).

Ivernyr the Slasher (Vine Stalker Monk)             Turns: 1131, Time: 00:01:56

Health: -4/20      AC:  2    Str: 13    XL:     3   Next: 79%
Magic:  1/4        EV: 13    Int: 10    God:
Gold:   59         SH:  0    Dex: 18    Spells: 2/2 levels left

rFire   . . .        a - +0 falchion
rCold   . . .        d - orb {light}
rNeg    . . .        b - +0 robe
rPois   .            (no helmet)
rElec   .            (no cloak)
rCorr   .            (no gloves)
SInv    .            (no boots)
Will    .....        (no amulet)
Stlth   +            (no ring)
HPRegen 0.23/turn    (no ring)
MPRegen 0.09/turn

%: guardian spirit
@: lethally poisoned (-4 -> -27), glowing
A: fangs 2, magic shield, antimagic bite, no potion heal 2
a: no special abilities


You were on level 2 of the Dungeon.
You visited 1 branch of the dungeon, and saw 2 of its levels.

You collected 59 gold pieces.

Inventory:

Hand Weapons
 a - a +0 falchion (weapon)
Armour
 b - a +0 robe (worn)
 d - an orb of light (worn)
Scrolls
 i - 2 scrolls of amnesia {unknown}
Potions
 c - 2 potions of ambrosia
 e - a potion of curing {unknown}
 f - a potion of heal wounds {unknown}
 g - a potion of berserk rage {unknown}
 h - a potion of magic {unknown}
 j - a potion of flight {unknown}


   Skills:
 + Level 3.0 Fighting
 * Level 3.3 Long Blades
 + Level 1.0 Armour
 + Level 2.7 Dodging


You had 2 spell levels left.
You didn't know any spells.
Your spell library was empty.

Dungeon Overview and Level Annotations

Branches:
Dungeon (2/15)

Altars:


Innate Abilities, Weirdness & Mutations

You have extremely sharp teeth.
When hurt, damage is shared between your health and your magic reserves.
Your bite disrupts and absorbs the magic of your enemies.
Potions cannot restore your health.


Message History

You see here 3 stones.
An adder comes into view.
The adder hisses angrily.
A kobold comes into view.
It is wielding a +2 short sword of venom.
The adder misses you. The adder closely misses you.
The kobold throws a stone.
The stone hits you.
You closely miss the adder. Your bite misses the adder.
The adder barely misses you. The adder bites you.
You are poisoned.
The adder poisons you!
You hit the adder. You bite the adder. You drain its power.
You feel invigorated.
The adder is heavily wounded.
You feel sick. The adder bites you.
You are more poisoned.
The adder poisons you!
You barely miss the adder.
The adder is heavily wounded.
You feel very sick. The adder bites you. The kobold closely misses you.
The adder bites you.
You closely miss the adder. Your bite misses the adder.
The adder is heavily wounded.
You feel sick. The kobold barely misses you. The adder barely misses you.
You hit the adder.
You kill the adder!
You feel sick.
The kobold hits you with a +2 short sword of venom.
* * * LOW HITPOINT WARNING * * *
You are lethally poisoned!
Your Armour skill increases to level 1!
You closely miss the kobold.
* * * LOW HITPOINT WARNING * * *
You feel very sick.
The kobold hits you with a +2 short sword of venom.
* * * LOW HITPOINT WARNING * * *
You are more poisoned.
The kobold closely misses you.
You completely miss the kobold.
You die...

#.#.#..)...>....#..........>#
#.#.#..#.###### #...........#
#.#.#..#.# #...........#
#.#..#(# #...........#
#.#..#.#################†##
#.#...........# #.#
#...........# #.##
#[......†...# #...
#.......@...# ####
###.....K...# #...........#
#.#.........# #.#.........# #
#.........# #.........#
###########


You could see a kobold.

Vanquished Creatures
  2 adders (D:2)
  4 dart slugs
  A ball python (D:2)
  2 giant cockroaches (D:1)
  3 goblins
  2 hobgoblins (D:1)
  4 quokkas
  A frilled lizard (D:2)
  A kobold (D:1)
  4 rats (D:1)
24 creatures vanquished.

Notes
Turn   | Place    | Note
-------+----------+-------------------------------------------
     0 | D:1      | Ivernyr the Vine Stalker Monk began the quest for the Orb.
     0 | D:1      | Reached XP level 1. HP: 11/11 MP: 2/2
   371 | D:1      | Reached XP level 2. HP: 16/16 MP: 3/3
   923 | D:2      | Reached XP level 3. HP: 4/19 MP: 2/4
  1130 | D:2      | Reached skill level 1 in Armour
  1131 | D:2      | Succumbed to a kobold's poison

Illustrated notes

Levels and vault maps discovered:
D:1:      saegor_arrival_simple_b, layout_loops_corners
D:2:      layout_basic

Skill      XL: |  1  2  3 |
---------------+----------+-----
Long Blades    | 3 |  3.3
Fighting       | 3 |  3.0
Armour         | 1 |  1.0
Dodging        | |  2.7

Action                     || total
---------------------------++-------
  Melee: Falchion          ||    66
         Bite              ||    21
 Armour: Robe              ||     5
  Dodge: Dodged            ||    41
